 Dungeon Crawl Stone Soup version 0.24.0-124-g2791043dd8 (webtiles) character file.

Game seed: 4290907342342436811, levelgen mode: deterministic

799555 Lemonice the Bringer of Light (level 27, -9/316 HPs)
             Began as a Human Fighter on Feb 11, 2020.
             Was the Champion of the Shining One.
             Killed from afar by a fire giant (17 damage)
             ... with a fireball
             ... on level 4 of the Depths on Feb 15, 2020.
             The game lasted 07:02:33 (69167 turns).

Lemonice the Bringer of Light (Human Fighter)      Turns: 69167, Time: 07:02:33

Health: -9/316     AC: 44    Str: 36    XL:     27
Magic:  0/44       EV: 12    Int: 15    God:    the Shining One [******]
Gold:   7176       SH: 43    Dex: 13    Spells: 26/26 levels left

rFire    + . .     SeeInvis .   P - +9 eudemon blade (holy)
rCold    + . .     Gourm    .   Y - +2 shield of the Planets {rPois Int+4}
rNeg     + + +     Faith    .   w - +15 Maxwell's patent armour {-Cast -Tele rElec MR+ rCorr}
rPois    +         Spirit   +   r - +2 hat of the Bear Spirit {Spirit, +Rage rN+ MR++}
rElec    +         Reflect  +   m - +2 cloak {MR+}
rCorr    +         Harm     .   t - +2 pair of gloves {archery}
MR       +++++     NoTele   +   o - +2 pair of boots "Yroloel" {rN+} Stlth ..........NoCast +
                                B - amulet of Elyvilon's Esteem {Reflect +Fly rPois rF+ MP+9 SH+6}
HPRegen  0.62/turn              d - ring "Piyraqou" {rElec rPois rC+ MR+}
MPRegen  0.29/turn              L - ring of Hepliaklqana's Whim {MR+ rCorr Str+4}

@: berserking (expiring), divine shield, flayed, glowing, very quick
A: deformed body, frail 1, low mp 1, magic resistance 2, sense surroundings 1,
MP-powered wands, sturdy frame 1
}: 6/15 runes: decaying, slimy, silver, bone, abyssal, gossamer
a: Divine Shield, Cleansing Flame, Summon Divine Warrior, Renounce Religion,
Evoke Berserk Rage, Evoke Flight


You were on level 4 of the Depths.
You worshipped the Shining One.
The Shining One was exalted by your worship.
You were not hungry.

You visited 13 branches of the dungeon, and saw 60 of its levels.
You visited the Abyss 1 time.
You also visited: Trove and Ice Cave.

You collected 8718 gold pieces.
You spent 1542 gold pieces at shops.

Inventory:

Hand Weapons
 C - the +7 pair of quick blades "Gyre" and "Gimble" {protect}
   (You found it on level 7 of Tartarus)

   It grants its wielder temporary protection when it strikes (+7 to AC).
 I - a +4 scimitar of flaming
 P - a +9 eudemon blade of holy wrath (weapon)
Missiles
 v - 3 throwing nets (quivered)
Armour
 m - a +2 cloak of magic resistance (worn)
 o - the +2 pair of boots "Yroloel" (worn) {rN+}
   (You found it on level 7 of Tartarus)

   It protects you from negative energy.
 r - the +2 hat of the Bear Spirit (worn) {Spirit, +Rage rN+ MR++}
   (You found it on level 5 of the Pits of Slime)

   It protects you from negative energy.
   It affects your resistance to hostile enchantments.
   It lets you go berserk.
 t - a +2 pair of gloves of archery (worn)
 w - the +15 Maxwell's patent armour (worn) {-Cast -Tele rElec MR+ rCorr}
   (You found it on level 4 of the Dungeon)

   It insulates you from electricity.
   It affects your resistance to hostile enchantments.
   It prevents spellcasting.
   It prevents most forms of teleportation.
   It provides partial protection from all sources of acid and corrosion.
 x - a scarf of resistance
 y - a +2 cloak of invisibility
 z - a +0 buckler of protection
 Y - the +2 shield of the Planets (worn) {rPois Int+4}
   (You took it off an entropy weaver on level 5 of the Vaults)

   It affects your intelligence (+4).
   It protects you from poison.
Jewellery
 a - an uncursed ring of protection from fire
 d - the ring "Piyraqou" (left hand) {rElec rPois rC+ MR+}
   (You found it in a treasure trove)

   [ring of protection from cold]

   It protects you from cold.
   It insulates you from electricity.
   It protects you from poison.
   It affects your resistance to hostile enchantments.
 B - the amulet of Elyvilon's Esteem (around neck) {Reflect +Fly rPois rF+ MP+9 SH+6}
   (You found it on level 5 of the Pits of Slime)

   [amulet of reflection]

   It shields you and reflects attacks.
   It protects you from fire.
   It protects you from poison.
   It affects your magic capacity (+9).
   It lets you fly.
   It affects your SH (+6).
 G - a +2 ring of intelligence
 L - the ring of Hepliaklqana's Whim (right hand) {MR+ rCorr Str+4}
   (You bought it in a shop on level 2 of the Orcish Mines)

   [ring of resist corrosion]

   It affects your strength (+4).
   It affects your resistance to hostile enchantments.
   It provides partial protection from all sources of acid and corrosion.
 Q - the ring "Ledef" {rC+ Dex+3 SInv}
   (You took it off a yaktaur on level 5 of the Vaults)

   [ring of see invisible]

   It affects your dexterity (+3).
   It protects you from cold.
   It lets you see invisible.
Wands
 b - a wand of acid (9)
 D - a wand of digging (4)
 X - a wand of iceblast (21)
Scrolls
 h - 24 scrolls of remove curse
 i - 7 scrolls of fear
 n - 5 scrolls of magic mapping
 p - 9 scrolls of immolation
 M - 8 scrolls of fog
 S - a scroll of summoning
 T - 2 scrolls of holy word
 V - 4 scrolls of identify
 Z - 2 scrolls of silence
Potions
 c - 2 potions of might
 g - 14 potions of curing
 j - 5 potions of agility
 l - a potion of resistance
 s - 4 potions of flight
 E - 6 potions of cancellation
 F - 3 potions of mutation
 H - 2 potions of magic
 J - a potion of ambrosia
Miscellaneous
 k - a fan of gales
 q - a lightning rod (4/4)
 u - 3 boxes of beasts
 A - 4 phantom mirrors
 K - a lamp of fire
 O - 5 sacks of spiders
 R - a phial of floods
Comestibles
 f - 72 rations


   Skills:
 + Level 23.3 Fighting
 + Level 23.2 Long Blades
 + Level 23.2 Armour
 - Level 4.0 Dodging
 + Level 23.2 Shields
 + Level 24.9 Invocations
 - Level 6.0 Evocations


You had 26 spell levels left.
You didn't know any spells.
Your spell library contained the following spells:

 Spells                   Type           Power        Failure   Level  Hunger
 Animate Skeleton         Necr           N/A          52%         1    ##.....
 Apportation              Tloc           #.....       52%         1    ##.....
 Beastly Appendage        Tmut           #.....       52%         1    ##.....
 Confusing Touch          Hex            #.....       52%         1    ##.....
 Corona                   Hex            #......      52%         1    ##.....
 Flame Tongue             Conj/Fire      #....        52%         1    ##.....
 Freeze                   Ice            #...         52%         1    ##.....
 Infusion                 Chrm           #...         52%         1    ##.....
 Pain                     Necr           #...         52%         1    ##.....
 Sandblast                Erth           #.....       52%         1    ##.....
 Shock                    Conj/Air       #...         52%         1    ##.....
 Sting                    Conj/Pois      #...         52%         1    ##.....
 Summon Butterflies       Summ           #.......     52%         1    ##.....
 Summon Small Mammal      Summ           #...         52%         1    ##.....
 Blink                    Tloc           N/A          67%         2    ###....
 Corpse Rot               Necr           N/A          67%         2    ###....
 Ensorcelled Hibernation  Hex/Ice        #.....       67%         2    ###....
 Passwall                 Tmut/Erth      #.......     67%         2    ###....
 Poisonous Vapours        Pois/Air       #.....       67%         2    ###....
 Shroud of Golubria       Chrm/Tloc      #.....       67%         2    ###....
 Slow                     Hex            #.......     67%         2    ###....
 Song of Slaying          Chrm           #.......     67%         2    ###....
 Sticks to Snakes         Tmut           #.......     67%         2    ###....
 Sublimation of Blood     Necr           #.........   67%         2    ###....
 Swiftness                Chrm/Air       #.......     67%         2    ###....
 Throw Flame              Conj/Fire      #.....       67%         2    ###....
 Throw Frost              Conj/Ice       #.....       67%         2    ###....
 Call Canine Familiar     Summ           #.......     88%         3    ####...
 Confuse                  Hex            #.......     88%         3    ####...
 Conjure Flame            Conj/Fire      #.......     88%         3    ####...
 Dazzling Spray           Conj/Hex       #.....       88%         3    ####...
 Gell's Gravitas          Tloc           #.........   88%         3    ####...
 Ignite Poison            Fire/Tmut/Pois #.......     88%         3    ####...
 Inner Flame              Hex/Fire       #.......     88%         3    ####...
 Lesser Beckoning         Tloc           #.........   88%         3    ####...
 Mephitic Cloud           Conj/Pois/Air  #.......     88%         3    ####...
 Ozocubu's Armour         Chrm/Ice       #.......     88%         3    ####...
 Portal Projectile        Hex/Tloc       #.....       88%         3    ####...
 Recall                   Summ/Tloc      N/A          88%         3    ####...
 Regeneration             Chrm/Necr      #.........   88%         3    ####...
 Spectral Weapon          Hex/Chrm       #.......     88%         3    ####...
 Spider Form              Tmut/Pois      #.........   88%         3    ####...
 Static Discharge         Conj/Air       #.......     88%         3    ####...
 Stone Arrow              Conj/Erth      #.....       88%         3    ####...
 Teleport Other           Tloc           #.......     88%         3    ####...
 Tukima's Dance           Hex            #.......     88%         3    ####...
 Vampiric Draining        Necr           #.........   88%         3    ####...
 Airstrike                Air            #.........   99%         4    #####..
 Animate Dead             Necr           N/A          99%         4    #####..
 Cause Fear               Hex            #.........   99%         4    #####..
 Force Lance              Conj/Tloc      #.......     99%         4    #####..
 Ice Form                 Ice/Tmut       #.......     99%         4    #####..
 Leda's Liquefaction      Hex/Erth       #.........   99%         4    #####..
 Olgreb's Toxic Radiance  Pois           #.......     99%         4    #####..
 Passage of Golubria      Tloc           N/A          99%         4    #####..
 Petrify                  Tmut/Erth      #.......     99%         4    #####..
 Sticky Flame             Conj/Fire      #.......     99%         4    #####..
 Summon Ice Beast         Ice/Summ       #.......     99%         4    #####..
 Summon Lightning Spire   Summ/Air       #.......     99%         4    #####..
 Throw Icicle             Conj/Ice       #.......     99%         4    #####..
 Agony                    Necr           #.......     100%        5    ######.
 Alistair's Intoxication  Tmut/Pois      #.......     100%        5    ######.
 Blade Hands              Tmut           #.........   100%        5    ######.
 Bolt of Draining         Conj/Necr      #.........   100%        5    ######.
 Bolt of Magma            Conj/Fire/Erth #.........   100%        5    ######.
 Borgnjor's Vile Clutch   Necr/Erth      #.........   100%        5    ######.
 Dispel Undead            Necr           #.......     100%        5    ######.
 Excruciating Wounds      Chrm/Necr      #.........   100%        5    ######.
 Fireball                 Conj/Fire      #.........   100%        5    ######.
 Irradiate                Conj/Tmut      #.........   100%        5    ######.
 Iskenderun's Battlesphe  Conj/Chrm      #.......     100%        5    ######.
 Lee's Rapid Deconstruct  Erth           #.........   100%        5    ######.
 Lightning Bolt           Conj/Air       #.........   100%        5    ######.
 Metabolic Englaciation   Hex/Ice        #.........   100%        5    ######.
 Silence                  Hex/Air        #.........   100%        5    ######.
 Summon Forest            Summ/Tloc      #.........   100%        5    ######.
 Summon Mana Viper        Hex/Summ       #.......     100%        5    ######.
 Venom Bolt               Conj/Pois      #.........   100%        5    ######.
 Yara's Violent Unravell  Hex/Tmut       #.........   100%        5    ######.
 Conjure Ball Lightning   Conj/Air       #.........   100%        6    #######
 Darkness                 Hex            #.........   100%        6    #######
 Death Channel            Necr           #.........   100%        6    #######
 Deflect Missiles         Chrm/Air       #.........   100%        6    #######
 Dispersal                Tloc           #.........   100%        6    #######
 Freezing Cloud           Conj/Ice/Air   #.........   100%        6    #######
 Hydra Form               Tmut           #.........   100%        6    #######
 Iron Shot                Conj/Erth      #.........   100%        6    #######
 Ozocubu's Refrigeration  Ice            #.........   100%        6    #######
 Shadow Creatures         Summ           N/A          100%        6    #######
 Simulacrum               Ice/Necr       #.........   100%        6    #######
 Statue Form              Tmut/Erth      #........    100%        6    #######
 Dragon Form              Tmut           #.........   100%        7    #######
 Orb of Destruction       Conj           #.........   100%        7    #######
 Ring of Flames           Chrm/Fire      #.........   100%        7    #######
 Spellforged Servitor     Conj/Summ      #.........   100%        7    #######
 Summon Hydra             Summ           #.........   100%        7    #######
 Borgnjor's Revivificati  Necr           #.........   100%        8    #######
 Controlled Blink         Tloc           N/A          100%        8    #######
 Discord                  Hex            #.........   100%        8    #######
 Disjunction              Tloc           #.........   100%        8    #######
 Ignition                 Fire           #.........   100%        8    #######
 Dragon's Call            Summ           #.........   100%        9    #######
 Shatter                  Erth           #.........   100%        9    #######
 Tornado                  Air            #.........   100%        9    #######


Dungeon Overview and Level Annotations

Branches:
Dungeon (15/15)            Temple (1/1) D:4            Lair (6/6) D:8
  Swamp (4/4) Lair:4       Spider (4/4) Lair:2        Slime (5/5) Lair:6
    Orc (2/2) D:11            Elf (3/3) Orc:2        Vaults (5/5) D:14
  Crypt (3/3) Vaults:2       Tomb (0/3) Crypt:3      Depths (4/5) D:15
   Hell (visited)             Dis (0/7) Hell            Geh (0/7) Hell
    Coc (0/7) Hell            Tar (7/7) Hell          IceCv (visited)

Altars:
Ashenzari
Cheibriados
Dithmenos
Elyvilon
Fedhas
Gozag
Hepliaklqana
Kikubaaqudgha
Makhleb
Nemelex Xobeh
Okawaru
Qazlal
Ru
Sif Muna
Trog
Uskayaw
Vehumet
Wu Jian
Xom
Yredelemnul
Zin
The Shining One

Shops:
D:9 }   D:10 (   Orc:2 [=:(:}!:(   Elf:1 ?   Elf:2 [   Vaults:3 (

Portals:
Hell: Depths:1 Depths:2 Depths:3
Abyss: Depths:3
Pandemonium: Depths:3
Ziggurat: Depths:1


Innate Abilities, Weirdness & Mutations

Armour fits poorly on your strangely shaped body.
You are frail. (-10% HP)
Your magical capacity is low. (-10% MP)
You are highly resistant to hostile enchantments. (MR++)
You passively map a small area around you.
You expend magic power (3 MP) to strengthen your wands.
Your movements are slightly less encumbered by armour. (ER -2)


Message History

The fire giant gestures at you while chanting.
The bolt of fire hits you! You resist. The Shining One protects you from harm!
The ogre mage hits you but does no damage.
The deep elf high priest utters an invocation to its god.
Some corpses begin to drag themselves along the ground!
Some corpses meld into an agglomeration of writhing flesh!
You can move again.
A small abomination and 3 crawling corpses come into view.
The two-headed ogre barely misses your angel. x2
The two-headed ogre hits your angel with a +0 giant club!
The two-headed ogre hits your angel with a +0 giant club!!
Your angel dies!
The two-headed ogre shouts in stereo!
You feel a strong urge to attack something.
The fire giant seems less brilliant.
The flayed ghost stares at you with tortured malice.
The fire giant gestures at you while chanting.
The fireball explodes!
The fireball engulfs you!! You resist.
You die...

* #.# #...'....#
##.###.##########..##....#
...................>##....#
###.###.....######..#####+#
, ###.###*.. ...# ** #
####'####.##..##* ,
###.##.......#.##...
................... *
..........@........ , , *
.......###.Cx....# , *
*#.....# ##CQO..## , ,
##.... #.G.x## , ,, , #...
* , #VWO.# , #... * )OD..#
* #.. .Ox).x# , , #.. *
'##..C.#,, , .. ###..e *


You could see a titan, 2 fire giants, a fire dragon, a tengu reaver, a vampire
knight, a flayed ghost, 2 two-headed ogres, an ogre mage (invisible), a small
abomination, a floating eye and 3 crawling corpses.

Vanquished Creatures
  the Royal Jelly (Slime:5)
  Ereshkigal (Tar:7)
  4 ancient liches
  4 juggernauts
  Mennas (Vaults:5)
  3 caustic shrikes
  Frederick (Vaults:4)
  5 golden dragons
  Geryon (Hell)
  The ghost of Waammiq the Devastator, a veteran GrEE of Lugonu (Crypt:3)
  13 bone dragons
  A profane servitor (Crypt:3)
  Arachne (Spider:4)
  20 Tzitzimimeh
  4 liches
  10 doom hounds
  4 tentacled monstrosities
  An Ice Fiend (IceCv)
  3 deep elf blademasters (Elf:3)
  A deep elf master archer (Elf:3)
  23 acid blobs
  7 titans
  Murray (Hell)
  3 quicksilver dragons
  9 sphinxes
  Frances (D:12)
  11 tentacled starspawn
  6 ancient champions
  3 thorn hunters
  An eldritch tentacle (Tar:3)
  14 shadow dragons
  The ghost of Dankeast the Martial Artist, an adept DsAs of Makhleb (Vaults:4)
  Roxanne (Spider:3)
  10 storm dragons
  Kirke (Lair:5)
  Agnes (Elf:2)
  9 tengu reavers
  3 revenants
  12 azure jellies
  6 fire giants
  4 deep elf sorcerers
  Aizul (Elf:2)
  15 vault wardens
  7 frost giants
  3 balrugs
  2 iron dragons
  Louise (Spider:4)
  A juggernaut zombie (Depths:1)
  6 emperor scorpions
  20 ghouls
  A curse skull (Vaults:4)
  3 cacodemons
  4 ghost moths (Spider:4)
  3 spriggan defenders
  6 deep elf elementalists
  4 war gargoyles
  21 very ugly things
  22 reapers
  14 ironheart preservers
  20 stone giants
  11 vampire knights
  The ghost of Xerdoz the Martial Artist, a journeyman OpTm of Sif Muna (Orc:1)
  5 entropy weavers
  Azrael (D:13)
  A black draconian (Abyss:3)
  11 deep elf annihilators
  A green draconian (Abyss:2)
  A dire elephant (D:15)
  7 deep elf demonologists
  The ghost of Waedgh the Grappler, a journeyman TrBe of Trog (Lair:5)
  5 spark wasps
  A red draconian (Abyss:3)
  A white draconian (Abyss:5)
  A lorocyproca (Abyss:3)
  The ghost of SirRappy the Severer, a journeyman MiBe of Trog (D:12)
  Snorg (Lair:6)
  A blizzard demon (Hell)
  16 deep elf death magi
  13 ettins
  7 eidola
  16 jiangshi
  3 merfolk javelineers (Depths:2)
  A quicksilver dragon zombie (Tar:7)
  Harold (D:10)
  24 ogre magi
  7 death oozes (Slime:5)
  8 fire dragons
  5 deep elf high priests
  9 great orbs of eyes
  20 hydras
  A hydra (shapeshifter) (Vaults:2)
  17 yaktaur captains
  8 ice dragons
  5 quicksilver dragon skeletons
  6 ghost crabs
  28 vault guards
  6 rakshasas
  7 centaur warriors
  3 death knights
  7 shambling mangroves
  66 two-headed ogres
  A catoblepas (D:15)
  5 deep troll earth magi
  A spectral frost giant (Depths:1)
  A spectral stone giant (Depths:1)
  33 dancing weapons
  10 alligators
  4 death yaks
  8 deep troll shamans
  2 tengu warriors
  7 thrashing horrors
  An orc high priest (Elf:3)
  4 spriggan berserkers
  17 soul eaters
  Sonja (Lair:2)
  14 vampire magi
  29 deep elf knights
  23 small abominations
  2 storm dragon zombies
  4 sun demons
  14 hell knights
  7 spriggans
  An iron golem (Hell)
  16 wretched stars
  3 titan skeletons
  2 fire crabs (Lair:5)
  A spectral spriggan (Depths:1)
  2 spatial maelstroms (Abyss:3)
  2 shadow wraiths
  84 skeletal warriors
  11 sixfirhies
  3 storm dragon skeletons
  A golden dragon zombie (Abyss:2)
  A spark wasp zombie (Crypt:2)
  9 unseen horrors
  9 swamp dragons
  9 ironbrand convokers
  A deep troll (shapeshifter) (Vaults:5)
  An unseen horror (shapeshifter) (Vaults:1)
  7 wizards
  7 glowing orange brains
  8 flayed ghosts
  2 spriggan druids (Swamp:4)
  3 anaconda zombies
  11 deep trolls
  19 phantasmal warriors
  8 shadow demons
  16 deep elf archers
  An orange crystal statue (Depths:2)
  An anaconda skeleton (Tar:1)
  14 orc knights
  2 shadow dragon zombies
  12 necromancers
  4 oklob plants
  4 harpies (Vaults:4)
  The ghost of diiiiiane the Artisan of Death, a novice DENe of Kikubaaqudgha (D:8)
  3 wolf spider zombies
  10 orb spiders (Spider:4)
  A mana viper (Abyss:3)
  20 wolf spiders
  2 fire giant zombies
  2 frost giant zombies
  58 ugly things
  81 deep elf magi
  A stone giant zombie (Vaults:4)
  6 cyclopes
  A manticore (Lair:6)
  A salamander (shapeshifter) (Depths:3)
  5 orc sorcerers
  A shadow dragon skeleton (Vaults:4)
  7 shining eyes
  A moth of wrath (Spider:4)
  A shock serpent zombie (Hell)
  7 human zombies
  A cyclops (shapeshifter) (Depths:2)
  Joseph (D:7)
  A salamander (D:15)
  2 elephants
  2 dire elephant zombies
  An iron dragon skeleton (Tar:7)
  5 stone giant skeletons
  2 black mambas
  A naga mage (Vaults:4)
  2 apocalypse crabs
  A black mamba (shapeshifter) (D:15)
  An eye of devastation (shapeshifter) (Vaults:5)
  7 rust devils (Hell)
  4 frost giant skeletons
  15 smoke demons
  10 vault sentinels
  2 ice statues
  A minotaur zombie (Crypt:2)
  5 human skeletons
  2 gargoyles
  21 spiny frogs
  3 torpor snails
  2 shock serpent skeletons
  A kobold demonologist (D:15)
  7 hellions
  7 orange demons
  2 yaktaur zombies (Vaults:2)
  3 dire elephant skeletons
  12 tormentors
  6 rime drakes (Lair:6)
  6 hellwings
  6 komodo dragons
  4 anaconda simulacra (IceCv)
  2 efreet
  21 freezing wraiths
  3 tengu conjurers
  12 demonic crawlers
  A white draconian skeleton (Crypt:2)
  2 harpy zombies
  10 ice devils
  40 yaktaurs
  A guardian mummy (Crypt:3)
  A merfolk (shapeshifter) (Vaults:5)
  10 ancient zymes
  A queen bee (shapeshifter) (Vaults:3)
  2 golden dragon simulacra (IceCv)
  3 silent spectres
  5 red devils
  A jumping spider (shapeshifter) (Depths:1)
  A meliai (shapeshifter) (Abyss:4)
  8 tyrant leeches
  11 trolls
  A wolf spider simulacrum (IceCv)
  21 jumping spiders
  9 polar bears
  A polar bear (shapeshifter) (Vaults:4)
  A harpy skeleton (Tar:2)
  Prince Ribbit (D:7)
  30 hornets
  89 slime creatures
  3 ettin zombies
  4 fire dragon zombies
  A tarantella zombie (Crypt:1)
  12 hippogriffs
  4 hydra skeletons
  14 blink frogs
  14 bog bodies
  4 dream sheep (Lair:5)
  14 raiju
  2 fire giant simulacra
  A shock serpent simulacrum (Crypt:3)
  A stone giant simulacrum (Vaults:1)
  2 vampires (Crypt:3)
  5 centaur simulacra
  A satyr zombie (Crypt:1)
  44 redbacks
  27 flying skulls
  10 water elementals
  5 wyverns
  37 shadows
  28 tarantellas
  A fire dragon skeleton (Hell)
  An ice dragon skeleton (Tar:7)
  23 wraiths
  5 dire elephant simulacra
  Sigmund (D:5)
  A spriggan (shapeshifter) (Vaults:1)
  An air elemental (Elf:3)
  29 yaks
  2 ettin skeletons (Tar:7)
  A black mamba skeleton (Tar:1)
  6 ynoxinuls
  A basilisk (shapeshifter) (Abyss:3)
  A human (shapeshifter) (Vaults:4)
  A basilisk (Lair:2)
  7 fire elementals
  3 hogs (Lair:5)
  2 humans (D:14)
  9 golden eyes
  6 steam dragons
  Grum (D:10)
  9 neqoxecs
  21 vampire mosquitoes
  6 hungry ghosts
  5 chaos spawn
  6 wargs
  Edmund (D:5)
  An elf zombie (Vaults:1)
  11 swamp worms
  2 harpy simulacra (IceCv)
  6 hydra simulacra
  2 acid dragons (D:15)
  An infernal demonspawn zombie (Crypt:3)
  A deep troll zombie (Crypt:3)
  35 hell hounds
  3 iron troll simulacra (IceCv)
  2 spiny frog zombies
  Duvessa (D:7)
  7 porcupines
  13 water moccasins
  2 floating eyes (Depths:2)
  22 large abominations
  A blink frog zombie (Crypt:1)
  5 ice beasts
  9 swamp drakes
  11 black bears
  2 spiny frog skeletons
  23 necrophages
  30 orc warriors
  2 snapping turtle zombies
  60 ogres
  10 boggarts
  2 sky beasts
  3 swamp dragon zombies
  33 wolves
  10 phantoms
  31 starcursed masses
  An elephant skeleton (Crypt:2)
  8 eyes of draining
  A snapping turtle skeleton (Tar:1)
  6 centaurs
  13 crocodiles
  A swamp dragon skeleton (Tar:6)
  An elf simulacrum (Vaults:4)
  An octopode zombie (Crypt:3)
  A blink frog skeleton (Crypt:3)
  A gnoll sergeant (D:9)
  16 bullfrogs
  A wyvern zombie (D:13)
  5 earth elementals
  2 wyvern skeletons (D:8)
  Dowan (D:7)
  3 troll zombies
  A spectral ogre (Orc:1)
  2 scorpions
  3 spriggan zombies
  15 killer bees
  A spriggan skeleton (Tar:1)
  2 troll skeletons
  46 wights
  8 electric eels
  5 howler monkeys
  3 bullfrog zombies
  5 centaur zombies
  15 crimson imps
  6 quasits
  2 draconian simulacra (IceCv)
  A human simulacrum (Vaults:3)
  4 centaur skeletons
  4 hounds
  2 jellies
  16 orc priests
  Crazy Yiuf (D:7)
  2 soldier ant zombies
  5 iron imps
  A warg simulacrum (Orc:1)
  2 bullfrog skeletons
  5 iguanas
  29 orc wizards
  A black bear skeleton (Crypt:1)
  A spectral orc (Orc:1)
  8 worker ants
  3 troll simulacra (IceCv)
  3 spriggan simulacra (IceCv)
  A killer bee zombie (D:6)
  5 ogre zombies (D:11)
  An ogre skeleton (Crypt:2)
  A big kobold skeleton (Crypt:1)
  A tengu skeleton (Tar:4)
  2 hound zombies (D:5)
  15 mummies
  A killer bee simulacrum (D:8)
  2 worker ant zombies
  15 adders
  11 gnolls
  2 ogre simulacra (IceCv)
  A howler monkey skeleton (D:8)
  2 naga simulacra (IceCv)
  19 shadow imps
  7 white imps
  5 ufetubi (IceCv)
  2 oozes (D:2)
  An orc simulacrum (Orc:1)
  2 adder zombies
  2 adder skeletons
  3 worms
  A dart slug (D:2)
  6 leopard geckos
  99 orcs
  6 bats
  9 giant cockroaches
  9 goblins
  5 hobgoblins
  7 jackals
  9 kobolds
  5 quokkas
  2 ball pythons
  5 frilled lizards
  A gnoll simulacrum (Orc:1)
  A goblin skeleton (D:11)
  3 hobgoblin skeletons (D:11)
  2 hobgoblin zombies (D:11)
  A jackal skeleton (D:4)
  2 kobold skeletons
  A leopard gecko zombie (D:8)
  2 orc skeletons
  14 orc zombies
  A quokka skeleton (D:4)
  A quokka zombie (D:8)
  7 rats
  2 briar patches (Swamp:3)
  4 crawling corpses
  4 fungi
  A lurking horror (Abyss:3)
  A plant (Lair:2)
  8 starspawn tentacles
3110 creatures vanquished.

Vanquished Creatures (collateral kills)
  2 ancient liches (Tar:7)
  A juggernaut (Depths:2)
  A bone dragon (Tar:2)
  5 Tzitzimimeh
  A doom hound (Tar:7)
  2 liches (Crypt:3)
  2 titans (Vaults:5)
  A deep elf master archer (Elf:3)
  An acid blob (Slime:5)
  3 ancient champions (Crypt:3)
  4 shadow dragons
  2 revenants
  A vault warden (Vaults:5)
  A fire giant (Vaults:5)
  A balrug (Abyss:3)
  A deep elf sorcerer (Elf:3)
  3 ghouls (Tar:7)
  A deep elf elementalist (Elf:3)
  An ironheart preserver (Vaults:5)
  A reaper (Tar:7)
  A very ugly thing (Vaults:5)
  2 stone giants
  2 deep elf annihilators
  2 vampire knights
  A minotaur (shapeshifter) (Vaults:5)
  A blizzard demon (Hell)
  3 ettins
  Josephine (Lair:6)
  2 jiangshi
  3 vault guards
  A yaktaur captain (Vaults:2)
  A deep elf high priest (Elf:3)
  A great orb of eyes (Depths:4)
  2 ice dragons
  6 hydras
  6 dancing weapons (Elf:2)
  An ogre mage (Vaults:2)
  3 death knights
  4 two-headed ogres
  A titan zombie (Tar:2)
  A spriggan berserker (Depths:4)
  2 vampire magi
  5 deep elf knights (Elf:2)
  23 skeletal warriors
  A titan skeleton (Tar:7)
  An iron golem (Hell)
  A sun demon (Hell)
  A ghost moth zombie (Tar:4)
  A deep troll (Vaults:5)
  An anaconda zombie (Tar:4)
  2 flayed ghosts
  A shadow dragon zombie (Tar:7)
  2 wizards (Vaults:1)
  A lindwurm (Lair:6)
  5 shadow demons
  2 phantasmal warriors
  An anaconda skeleton (Hell)
  A deep elf archer (Vaults:5)
  An orc knight (Vaults:2)
  An ironbrand convoker (Vaults:5)
  5 deep elf magi
  4 ugly things (Vaults:1)
  A wolf spider (Vaults:5)
  An iron dragon zombie (Tar:7)
  3 ice statues
  A shock serpent zombie (Tar:1)
  2 elephants (Lair:5)
  A stone giant skeleton (Tar:2)
  A black mamba (Lair:6)
  3 vault sentinels
  2 rust devils (Hell)
  A gargoyle (D:12)
  2 rime drakes (Lair:6)
  2 dire elephant skeletons
  A catoblepas zombie (Tar:2)
  2 komodo dragons (Lair:6)
  A tormentor (Tar:2)
  7 yaktaurs
  An ice devil (Tar:1)
  A freezing wraith (Vaults:5)
  A red devil (Abyss:3)
  3 hydra zombies
  3 silent spectres
  A death drake zombie (Crypt:3)
  2 polar bears (Lair:6)
  3 hornets
  A tyrant leech (Swamp:4)
  A blink frog (Lair:6)
  3 hydra skeletons (Hell)
  A harpy skeleton (Tar:3)
  An ettin zombie (Tar:2)
  A dream sheep (shapeshifter) (Vaults:5)
  A slime creature (Slime:5)
  3 dream sheep (Lair:5)
  6 flying skulls (Tar:7)
  A spriggan (Depths:4)
  2 ettin skeletons
  7 shadows
  2 water elementals (Depths:1)
  A basilisk (shapeshifter) (Depths:1)
  2 wraiths
  A fire elemental (D:13)
  3 yaks
  A chaos spawn (Abyss:3)
  A steam dragon (Lair:6)
  3 wargs (Lair:6)
  2 water moccasins (Lair:6)
  8 hell hounds
  An orc warrior (Vaults:1)
  A snapping turtle zombie (Tar:4)
  A swamp dragon zombie (Tar:7)
  A black bear (Lair:6)
  A phantom (Tar:1)
  5 necrophages
  3 wolves (Lair:6)
  A boggart (Depths:1)
  2 centaurs (Vaults:2)
  A crocodile (Lair:6)
  A hippogriff skeleton (Crypt:3)
  3 wights (Tar:2)
  A starcursed mass (Abyss:5)
  A jelly (Lair:6)
  A human skeleton (Crypt:3)
  2 shadow imps
  3 crawling corpses
  A fungus (Lair:6)
  A starspawn tentacle (Abyss:5)
271 creatures vanquished.

Vanquished Creatures (others)
  An eldritch tentacle (Tar:6)
  A cacodemon (Abyss:3)
  A stone giant (Depths:2)
  A yaktaur captain (Vaults:5)
  A fire dragon (Depths:2)
  2 centaur warriors
  A spriggan berserker (Depths:2)
  A deep elf knight (Elf:2)
  A spriggan (Swamp:4)
  A deep troll (Vaults:2)
  A spriggan druid (Swamp:4)
  A deep elf archer (Elf:1)
  2 orb spiders (Spider:4)
  A small abomination (Vaults:5)
  A deep elf mage (Elf:1)
  2 yaktaurs (Vaults:5)
  A hornet (Swamp:4)
  2 jumping spiders (Spider:4)
  A slime creature (Vaults:2)
  A tarantella (Spider:4)
  A boggart (Depths:1)
  A briar patch (Swamp:3)
  9 fungi
  A lurking horror (Abyss:3)
  26 plants
  20 starspawn tentacles
82 creatures vanquished.

Grand Total: 3463 creatures vanquished

Notes
Turn   | Place    | Note
-------+----------+-------------------------------------------
     0 | D:1      | Lemonice the Human Fighter began the quest for the Orb.
     0 | D:1      | Reached XP level 1. HP: 18/18 MP: 1/1
    80 | D:1      | Reached XP level 2. HP: 17/24 MP: 2/2
  1070 | D:2      | Reached XP level 3. HP: 29/29 MP: 3/3
  1323 | D:2      | Found a faded altar of an unknown god.
  1377 | D:2      | Reached XP level 4. HP: 32/35 MP: 4/4
  1897 | D:3      | Found an ornate altar of the Wu Jian Council.
  1898 | D:3      | Found a shimmering altar of Xom.
  2003 | D:3      | Reached XP level 5. HP: 42/42 MP: 5/5
  3167 | D:4      | Reached XP level 6. HP: 46/48 MP: 6/6
  3238 | D:4      | Found an ancient bone altar of Kikubaaqudgha.
  3239 | D:4      | Found the +15 Maxwell's patent armour {-Cast -Tele rElec
                  | MR+ rCorr}
  3291 | D:4      | Found a staircase to the Ecumenical Temple.
  3297 | Temple   | Entered the Ecumenical Temple
  3329 | Temple   | Became a worshipper of the Shining One
  3765 | D:5      | Entered Level 5 of the Dungeon
  3857 | D:5      | Reached XP level 7. HP: 40/55 MP: 7/7
  4081 | D:5      | Noticed Sigmund
  4099 | D:5      | Killed Sigmund
  4132 | D:5      | Reached * piety under the Shining One
  4214 | D:5      | Noticed Edmund
  4244 | D:5      | Killed Edmund
  4244 | D:5      | Reached skill level 5 in Fighting
  4244 | D:5      | Reached skill level 5 in Armour
  4244 | D:5      | Reached skill level 5 in Shields
  4273 | D:5      | Reached XP level 8. HP: 56/62 MP: 8/8
  4935 | D:5      | Reached skill level 5 in Long Blades
  5415 | D:6      | Reached XP level 9. HP: 69/69 MP: 9/9
  5789 | D:6      | Reached ** piety under the Shining One
  6044 | D:7      | Noticed Joseph
  6164 | D:7      | Killed Joseph
  6226 | D:7      | Noticed Duvessa
  6346 | D:7      | Killed Duvessa
  6355 | D:7      | Noticed Dowan
  6404 | D:7      | Killed Dowan
  6485 | D:7      | Reached XP level 10. HP: 69/79 MP: 10/10
  7132 | D:7      | Noticed Prince Ribbit
  7193 | D:7      | Killed Prince Ribbit
  7387 | D:7      | Found a runed translucent door.
  7388 | D:7      | Noticed Crazy Yiuf
  7394 | D:7      | Killed Crazy Yiuf
  8140 | D:8      | Found a staircase to the Lair.
  8140 | D:8      | Noticed an elephant
  8201 | D:8      | Killed an elephant
  8920 | D:8      | Reached XP level 11. HP: 74/87 MP: 11/11
  8994 | D:8      | Reached *** piety under the Shining One
  8997 | D:8      | Reached skill level 1 in Invocations
  9009 | D:8      | Found a runed translucent gate.
  9009 | D:8      | Found a runed translucent gate.
  9010 | D:8      | Found a runed translucent gate.
  9013 | D:8      | Noticed diiiiiane's ghost (novice DENe)
  9111 | D:8      | Killed diiiiiane's ghost
  9111 | D:8      | Reached skill level 2 in Invocations
  9721 | D:9      | Reached skill level 3 in Invocations
 10114 | D:9      | Reached **** piety under the Shining One
 10556 | D:9      | Found Ublaewo's Gadget Shoppe.
 10576 | D:9      | Found a burning altar of Makhleb.
 10677 | D:9      | Reached skill level 4 in Invocations
 10871 | D:10     | Entered Level 10 of the Dungeon
 10872 | D:10     | Found Paxab's Weapon Boutique.
 11029 | D:10     | Bought a +0 demon blade for 210 gold pieces
 11084 | D:10     | Noticed Grum
 11098 | D:10     | Killed Grum
 11523 | D:10     | Noticed Harold
 11536 | D:10     | Reached skill level 5 in Invocations
 11552 | D:10     | Killed Harold
 11885 | D:11     | Noticed a two-headed ogre
 11894 | D:11     | Killed a two-headed ogre
 11894 | D:11     | Reached XP level 12. HP: 93/94 MP: 16/16
 11968 | D:11     | Reached skill level 6 in Invocations
 12146 | D:11     | Reached ***** piety under the Shining One
 12151 | D:11     | Found a staircase to the Orcish Mines.
 12427 | D:12     | Noticed an unseen horror
 12449 | D:12     | Killed an unseen horror
 12598 | D:12     | Reached skill level 7 in Invocations
 12813 | D:12     | Reached ****** piety under the Shining One
 13188 | D:12     | Identified a +2 eudemon blade of holy wrath (a +0 demon
                  | blade blessed by the Shining One)
 13188 | D:12     | Received a gift from the Shining One
 13290 | D:12     | Found a blossoming altar of Fedhas.
 13343 | D:12     | Reached skill level 8 in Invocations
 13391 | D:12     | Found a runed translucent gate.
 13391 | D:12     | Found a runed translucent gate.
 13391 | D:12     | Found a runed translucent gate.
 13392 | D:12     | Noticed a nine-headed hydra
 13392 | D:12     | Noticed SirRappy's ghost (journeyman MiBe)
 13656 | Orc:1    | Entered Level 1 of the Orcish Mines
 13782 | Orc:2    | Entered Level 2 of the Orcish Mines
 13782 | Orc:2    | Found Nootawif's Book Boutique.
 13782 | Orc:2    | Found Heoxal's Jewellery Shop.
 13792 | Orc:2    | Reached skill level 10 in Fighting
 13846 | Orc:2    | Noticed an ettin
 13846 | Orc:2    | Noticed a two-headed ogre
 13878 | Orc:2    | Killed an ettin
 13878 | Orc:2    | Reached skill level 10 in Armour
 13891 | Orc:2    | Reached skill level 10 in Shields
 13916 | Orc:2    | Killed a two-headed ogre
 13916 | Orc:2    | Reached XP level 13. HP: 48/103 MP: 19/19
 14354 | Orc:1    | Reached skill level 9 in Invocations
 14412 | Orc:1    | Found a runed translucent gate.
 14417 | Orc:1    | Found a runed translucent gate.
 14418 | Orc:1    | Found a runed translucent gate.
 14582 | Orc:1    | Reached skill level 10 in Long Blades
 14627 | Orc:1    | Noticed Xerdoz's ghost (journeyman OpTm)
 14783 | Orc:1    | Killed Xerdoz's ghost
 14939 | Orc:2    | Found Uwaxkyd's Book Emporium.
 14939 | Orc:2    | Found Wefais's Weapon Shop.
 15027 | Orc:2    | Noticed an ogre mage
 15111 | Orc:2    | Killed an ogre mage
 15111 | Orc:2    | Reached skill level 10 in Invocations
 15198 | Orc:2    | Found a staircase to the Elven Halls.
 15507 | Orc:2    | Reached XP level 14. HP: 82/111 MP: 22/22
 15581 | Orc:2    | Reached skill level 11 in Invocations
 15705 | Orc:2    | Found Gaplip's Distillery.
 15705 | Orc:2    | Found Foottuaq's Gadget Shop.
 15706 | Orc:2    | Found Joopsi's Antique Weapon Boutique.
 15706 | Orc:2    | Found Iprod's Book Shoppe.
 15740 | Orc:2    | Bought a potion of heal wounds for 55 gold pieces
 15740 | Orc:2    | Bought a potion of haste for 110 gold pieces
 15740 | Orc:2    | Bought 2 potions of curing for 66 gold pieces
 15740 | Orc:2    | Bought a potion of might for 44 gold pieces
 15740 | Orc:2    | Bought a potion of heal wounds for 55 gold pieces
 15740 | Orc:2    | Bought a potion of curing for 33 gold pieces
 15740 | Orc:2    | Bought a potion of heal wounds for 55 gold pieces
 15740 | Orc:2    | Bought a potion of haste for 110 gold pieces
 15790 | Orc:2    | Found Qijuemero's Armour Shop.
 16177 | Lair:1   | Entered Level 1 of the Lair of Beasts
 17384 | Lair:2   | Found a hole to the Spider Nest.
 18061 | Lair:2   | Reached skill level 12 in Invocations
 18098 | Lair:2   | Found a snail-covered altar of Cheibriados.
 18298 | Lair:2   | Noticed Sonja
 18327 | Lair:2   | Paralysed by Sonja for 6 turns
 18358 | Lair:2   | Killed Sonja
 19094 | Lair:3   | Reached skill level 1 in Evocations
 19946 | Lair:4   | You fall into a shaft and drop 2 floors!
 19946 | Lair:6   | Entered Level 6 of the Lair of Beasts
 19997 | Lair:6   | Reached skill level 5 in Evocations
 19999 | Lair:6   | Reached XP level 15. HP: 95/119 MP: 17/24
 20263 | Lair:6   | Reached skill level 1 in Dodging
 20615 | Lair:6   | Found a staircase to the Slime Pits.
 20618 | Lair:6   | Identified the +6 large shield of Altruism {rF+ Int+4
                  | Slay-6}
 20650 | Lair:6   | Noticed Josephine
 20658 | Lair:6   | Killed Josephine
 20794 | Lair:6   | Noticed Snorg
 20805 | Lair:6   | Killed Snorg
 21163 | Lair:5   | Found a transporter.
 21180 | Lair:5   | Noticed Kirke
 21196 | Lair:5   | Killed Kirke
 21475 | Lair:5   | Found a transporter.
 21477 | Lair:5   | Noticed Waedgh's ghost (journeyman TrBe)
 22328 | Lair:4   | Found a staircase to the Swamp.
 23055 | D:13     | You fall into a shaft and drop 1 floor!
 23337 | D:14     | Reached XP level 16. HP: 127/127 MP: 25/25
 23742 | D:14     | Reached skill level 13 in Invocations
 23980 | D:14     | Found a gate to the Vaults.
 24418 | D:13     | Noticed Azrael
 24430 | D:13     | Killed Azrael
 25356 | Swamp:1  | Entered Level 1 of the Swamp
 27313 | Swamp:3  | Noticed a thorn hunter
 27336 | Swamp:3  | Killed a thorn hunter
 27336 | Swamp:3  | Reached XP level 17. HP: 42/136 MP: 27/27
 28191 | Swamp:3  | Noticed a thorn hunter
 28199 | Swamp:3  | Killed a thorn hunter
 28199 | Swamp:3  | Reached skill level 14 in Invocations
 28936 | Swamp:4  | Entered Level 4 of the Swamp
 29202 | Swamp:4  | Noticed a thorn hunter
 29253 | Swamp:4  | Killed a thorn hunter
 29364 | Swamp:4  | Got a decaying rune of Zot
 29690 | Swamp:4  | Reached XP level 18. HP: 145/145 MP: 27/29
 29939 | Elf:1    | Entered Level 1 of the Elven Halls
 30209 | Elf:1    | Reached XP level 19. HP: 134/151 MP: 30/30
 30645 | Elf:1    | Reached skill level 15 in Invocations
 31127 | Elf:1    | Found Qorolu's Magic Scroll Emporium.
 31139 | Elf:1    | Bought a scroll of identify for 28 gold pieces
 31139 | Elf:1    | Bought a scroll of identify for 28 gold pieces
 31139 | Elf:1    | Bought a scroll of enchant armour for 105 gold pieces
 31139 | Elf:1    | Bought a scroll of identify for 28 gold pieces
 31681 | Elf:2    | Found Jyoh's Armour Emporium.
 31681 | Elf:2    | Noticed Aizul
 31698 | Elf:2    | Killed Aizul
 31787 | Elf:2    | Found a frozen archway.
 31961 | IceCv    | Entered an ice cave
 32517 | IceCv    | Noticed an Ice Fiend
 32526 | IceCv    | Killed an Ice Fiend
 33225 | Elf:2    | Found a runed translucent gate.
 33464 | Elf:2    | Found a runed translucent gate.
 33465 | Elf:2    | Found a runed translucent gate.
 33941 | Elf:2    | Noticed Agnes
 33949 | Elf:2    | Killed Agnes
 33961 | Elf:2    | Reached XP level 20. HP: 111/160 MP: 27/31
 34239 | Elf:3    | Entered Level 3 of the Elven Halls
 35170 | Elf:3    | Reached skill level 15 in Fighting
 35554 | Elf:3    | Reached skill level 16 in Invocations
 35773 | Elf:3    | Reached skill level 15 in Shields
 35786 | Elf:3    | Reached skill level 15 in Armour
 35859 | Elf:3    | Identified the cursed +2 morningstar "Kaug" {drain, rPois
                  | Str-4 Dex+3 Stlth+}
 35879 | Elf:3    | Reached skill level 15 in Long Blades
 36149 | Elf:3    | Identified the +6 hand axe "Poulahu" {freeze, Dex+3}
 36173 | Elf:3    | Identified the ring of Sloth {rElec rF+ Str-3 Int+8}
 36261 | Elf:3    | Identified the ring "Kezaluuh" {Ice Dex+2}
 36335 | Elf:3    | Reached XP level 21. HP: 169/169 MP: 33/33
 36367 | Elf:3    | Identified the +8 rapier "Hukk" {pain, rN+}
 36458 | Elf:3    | Identified the Tome of the Voyage and Hexes
 36461 | Elf:3    | Identified the Papyrus of the Traveller
 36464 | Elf:3    | Identified Further Progress in Witchery
 36475 | Elf:3    | Got a spiked plate armour
 36503 | Elf:3    | Identified the +2 plate armour of Time Monsters {rCorr}
                  | (You found it on level 3 of the Elven Halls)
 36506 | Elf:3    | Got an encrusted plate armour
 36507 | Elf:3    | Identified the +7 plate armour of the Villain {MR+} (You
                  | found it on level 3 of the Elven Halls)
 36706 | Orc:2    | Bought the ring of Hepliaklqana's Whim {MR+ rCorr Str+4}
                  | for 615 gold pieces
 36816 | Vaults:1 | Entered Level 1 of the Vaults
 38053 | Vaults:1 | You fall into a shaft and drop 1 floor!
 38053 | Vaults:2 | Found a portal to a secret trove of treasure.
 38320 | Vaults:2 | Reached skill level 17 in Invocations
 38599 | Vaults:2 | Reached XP level 22. HP: 120/178 MP: 24/34
 39069 | Vaults:2 | Found a staircase to the Crypt.
 39079 | Crypt:1  | Entered Level 1 of the Crypt
 40734 | Crypt:2  | Got a faintly humming large shield
 40735 | Crypt:2  | Identified the cursed -6 large shield "Avasaem" {rElec
                  | Str+5} (You found it on level 2 of the Crypt)
 41052 | Crypt:2  | Found a basalt altar of Yredelemnul.
 41131 | Crypt:3  | Entered Level 3 of the Crypt
 41161 | Crypt:3  | Reached XP level 23. HP: 186/186 MP: 35/35
 41326 | Crypt:3  | Reached skill level 18 in Invocations
 41428 | Crypt:3  | Found a basalt altar of Yredelemnul.
 41538 | Crypt:3  | Found a staircase to the Tomb.
 41655 | Crypt:3  | Found a runed translucent gate.
 41655 | Crypt:3  | Found a runed translucent gate.
 41655 | Crypt:3  | Found a runed translucent gate.
 41656 | Crypt:3  | Noticed Waammiq's ghost (veteran GrEE)
 41676 | Crypt:3  | Killed Waammiq's ghost
 41801 | Crypt:3  | Noticed a profane servitor
 41810 | Crypt:3  | Killed a profane servitor
 41811 | Crypt:3  | Found a basalt altar of Yredelemnul.
 41829 | Crypt:3  | Found an ancient bone altar of Kikubaaqudgha.
 41871 | Crypt:3  | Identified Sif Muna's Grimoire of Unholy Rites
 42406 | D:15     | Entered Level 15 of the Dungeon
 42724 | D:15     | Found a staircase to the Depths.
 43578 | Depths:1 | Entered Level 1 of the Depths
 43637 | Depths:1 | Reached XP level 24. HP: 146/195 MP: 35/36
 43722 | Depths:1 | Noticed a caustic shrike
 43749 | Depths:1 | Killed a caustic shrike
 44040 | Depths:1 | Found a gateway to Hell.
 44094 | Depths:1 | Noticed a juggernaut
 44315 | Depths:1 | Killed a juggernaut
 44789 | Depths:1 | Reached skill level 19 in Invocations
 44796 | Depths:1 | Noticed an ancient lich
 44803 | Depths:1 | Killed an ancient lich
 45082 | Depths:1 | Identified the Tome of Necromancy
 45164 | Depths:1 | Identified a scroll of acquirement
 45191 | Depths:1 | Identified the Almanac of Shifting Translocation
 45353 | Depths:1 | Reached XP level 25. HP: 204/204 MP: 36/36
 45439 | Depths:1 | Found a glowing silver altar of Zin.
 45440 | Depths:1 | Found an opulent altar of Gozag.
 45440 | Depths:1 | Found a hazy altar of Hepliaklqana.
 45440 | Depths:1 | Found a shimmering blue altar of Sif Muna.
 45574 | Depths:1 | Found a gateway to a ziggurat.
 45763 | Hell     | Entered the Vestibule of Hell
 45763 | Hell     | Noticed Geryon
 45788 | Hell     | Killed Geryon
 45816 | Hell     | Noticed Murray
 45861 | Hell     | Killed Murray
 46213 | Hell     | Found a gateway to the decaying netherworld of Tartarus.
 46314 | Hell     | Found a gateway to the Iron City of Dis.
 46365 | Hell     | Found a gateway to the freezing wastes of Cocytus.
 46483 | Hell     | Found a gateway to the ashen valley of Gehenna.
 46632 | Tar:1    | Entered Level 1 of Tartarus
 46632 | Tar:1    | Found a gateway to Hell.
 47441 | Tar:2    | Found a gateway to Hell.
 47441 | Tar:2    | Found a gateway to Hell.
 47522 | Tar:2    | Reached XP level 26. HP: 159/213 MP: 36/36
 47594 | Tar:2    | Reached skill level 20 in Invocations
 47813 | Tar:3    | Found a gateway to Hell.
 47891 | Tar:4    | Found a gateway to Hell.
 47916 | Tar:4    | Found a gateway to Hell.
 48256 | Tar:5    | Found a gateway to Hell.
 48309 | Tar:6    | Found a gateway to Hell.
 48344 | Tar:7    | Entered Level 7 of Tartarus
 48344 | Tar:7    | Found a gateway to Hell.
 48446 | Tar:7    | Noticed an ancient lich
 48453 | Tar:7    | Killed an ancient lich
 48622 | Tar:7    | Reached XP level 27. HP: 104/222 MP: 32/37
 48624 | Tar:7    | Identified the cursed ring of Fimmuq {rC+ EV-3 Int+3 Dex+3
                  | SInv}
 48640 | Tar:7    | Noticed an ancient lich
 48656 | Tar:7    | Killed an ancient lich
 48691 | Tar:7    | Identified the amulet of Coubou Mieb {Reflect MR+ Slay+3
                  | SH+4}
 48738 | Tar:7    | Got a pair of jewelled boots
 48741 | Tar:7    | Got a warped ruby amulet
 48743 | Tar:7    | Identified the amulet of the Meadowlark {Faith rF++ rC+
                  | Int-4 SInv} (You found it on level 7 of Tartarus)
 48744 | Tar:7    | Identified the +2 pair of boots "Yroloel" {rN+} (You found
                  | it on level 7 of Tartarus)
 48896 | Tar:7    | Noticed Ereshkigal
 48933 | Tar:7    | Killed Ereshkigal
 49007 | Tar:7    | Got a bone rune of Zot
 49034 | Tar:7    | Gained mutation: Scrolls take you a little longer to read.
                  | [mutagenic glow]
 49062 | Tar:7    | Noticed an ancient lich
 49068 | Tar:7    | Killed an ancient lich
 49071 | Tar:7    | Gained mutation: Your body sometimes deteriorates upon
                  | taking damage. [mutagenic glow]
 49103 | Tar:7    | Gained mutation: You tend to lose your temper in combat.
                  | [mutagenic glow]
 49109 | Tar:7    | Noticed an ancient lich
 49113 | Tar:7    | Killed an ancient lich
 49122 | Tar:7    | Reached skill level 21 in Invocations
 49180 | Tar:7    | Found a gateway to Hell.
 49348 | Tar:7    | Identified Wicetour's Thorough Guide to Casting
 49428 | Tar:7    | two unexplored vaults, digging
 49872 | D:12     | Killed SirRappy's ghost
 49884 | D:12     | Got a clouded bone ring
 49965 | D:13     | Identified the ring of Gozag's Hope {rElec Str+5} (You
                  | found it on level 12 of the Dungeon)
 49968 | D:13     | Lost mutation: You tend to lose your temper in combat.
                  | [potion of mutation]
 49968 | D:13     | Lost mutation: Scrolls take you a little longer to read.
                  | [potion of mutation]
 49968 | D:13     | Lost mutation: Your body sometimes deteriorates upon taking
                  | damage. [potion of mutation]
 49968 | D:13     | Gained mutation: You expend magic power (3 MP) to
                  | strengthen your wands. [potion of mutation]
 49968 | D:13     | Gained mutation: Your flesh is cold resistant. (rC+)
                  | [potion of mutation]
 50190 | Lair:5   | Killed Waedgh's ghost
 50296 | Spider:1 | Entered Level 1 of the Spider Nest
 50349 | Spider:3 | Noticed Roxanne
 50368 | Spider:3 | Killed Roxanne
 50920 | Spider:4 | Entered Level 4 of the Spider Nest
 51531 | Spider:4 | Noticed Louise
 51548 | Spider:4 | Killed Louise
 51821 | Spider:4 | Noticed Arachne
 51844 | Spider:4 | Killed Arachne
 52147 | Spider:4 | Got a gossamer rune of Zot
 52336 | Slime:1  | Entered Level 1 of the Pits of Slime
 52349 | Slime:1  | Gained mutation: You tend to lose your temper in combat. [a
                  | shining eye]
 52773 | Slime:3  | Gained mutation: You are weak. (Str -2) [a shining eye]
 52857 | Slime:4  | Gained mutation: You are clumsy. (Dex -2) [a shining eye]
 53179 | Slime:4  | Gained mutation: You are resistant to hostile enchantments.
                  | (MR+) [a shining eye]
 53194 | Slime:5  | Entered Level 5 of the Pits of Slime
 54100 | Slime:5  | Noticed the Royal Jelly
 54123 | Slime:5  | Killed the Royal Jelly
 54273 | Slime:5  | Found the +2 hat of the Bear Spirit {Spirit, +Rage rN+
                  | MR++}
 54342 | Slime:5  | Got a slimy rune of Zot
 54434 | Slime:5  | Got an ancient ivory amulet
 54437 | Slime:5  | Identified the amulet of Elyvilon's Esteem {Reflect +Fly
                  | rPois rF+ MP+9 SH+6} (You found it on level 5 of the Pits
                  | of Slime)
 54569 | Slime:5  | Got a polished plate armour
 54600 | Slime:5  | Identified the +5 plate armour of Experimentation {Dex+2}
                  | (You found it on level 5 of the Pits of Slime)
 54711 | Slime:5  | Gained mutation: Potions are less effective at restoring
                  | your health. [a shining eye]
 54719 | Slime:5  | Lost mutation: You are weak. (Str -2) [a shining eye]
 55275 | D:12     | Noticed Frances
 55283 | D:12     | Killed Frances
 55403 | Vaults:2 | Reached skill level 22 in Invocations
 56032 | Vaults:3 | Found Hejab's Antique Weapon Shop.
 56572 | Vaults:3 | Identified the Grimoire of Venom and Stones
 58074 | Vaults:4 | Found a radiant altar of Vehumet.
 58188 | Vaults:4 | Noticed Frederick
 58218 | Vaults:4 | Killed Frederick
 58508 | Vaults:4 | Found a runed translucent gate.
 58508 | Vaults:4 | Found a runed translucent gate.
 58509 | Vaults:4 | Found a runed translucent gate.
 58509 | Vaults:4 | Noticed Dankeast's ghost (adept DsAs)
 58524 | Vaults:4 | Killed Dankeast's ghost
 58669 | Vaults:5 | Entered Level 5 of the Vaults
 59365 | Vaults:5 | Noticed an ancient lich
 59374 | Vaults:5 | Killed an ancient lich
 59620 | Vaults:5 | Identified the Handbook of Enthralling Stones
 59737 | Vaults:5 | Reached skill level 23 in Invocations
 59746 | Vaults:5 | Noticed Mennas
 59810 | Vaults:5 | Killed Mennas
 60098 | Vaults:5 | Identified the Tome of Helpful Clay
 60714 | Vaults:5 | Identified the +0 broad axe "Micwih" {antimagic, +Fly rPois
                  | rC- Str+5}
 60747 | Vaults:5 | Identified the ring "Ledef" {rC+ Dex+3 SInv}
 61008 | Vaults:5 | Identified the cursed +0 leather armour of the World {SInv}
 61008 | Vaults:5 | Identified the +2 shield of the Planets {rPois Int+4}
 61190 | Vaults:5 | Got a silver rune of Zot
 62020 | Depths:2 | Paralysed by a floating eye for 3 turns
 62676 | Depths:2 | Noticed a juggernaut
 62688 | Depths:2 | Killed a juggernaut
 62708 | Depths:2 | Noticed a juggernaut
 62717 | Depths:2 | Killed a juggernaut
 62728 | Depths:2 | Noticed a juggernaut
 62752 | Depths:2 | Killed a juggernaut
 62772 | Depths:2 | Noticed a juggernaut
 62787 | Depths:2 | Killed a juggernaut
 63637 | Depths:3 | Found a one-way gate leading to the halls of Pandemonium.
 63932 | Depths:3 | Found a one-way gate to the infinite horrors of the Abyss.
 63963 | Depths:3 | Voluntarily entered the Abyss.
 63974 | Abyss:1  | Got a polished buckler
 63977 | Abyss:1  | Identified the +0 buckler of the Bouncing Spirits {rC+++
                  | Regen+ Dex-5 SInv} (You found it on level 1 of the Abyss)
 64374 | Abyss:2  | Reached skill level 24 in Invocations
 64594 | Abyss:2  | Found an ornate altar of the Wu Jian Council.
 65028 | Abyss:3  | Gained mutation: Armour fits poorly on your strangely
                  | shaped body. [a neqoxec]
 65104 | Abyss:3  | Paralysed by accursed screaming for 1 turns
 65303 | Abyss:3  | Lost mutation: You expend magic power (3 MP) to strengthen
                  | your wands. [potion of mutation]
 65303 | Abyss:3  | Lost mutation: Potions are less effective at restoring your
                  | health. [potion of mutation]
 65303 | Abyss:3  | Lost mutation: Your flesh is cold resistant. (rC+) [potion
                  | of mutation]
 65303 | Abyss:3  | Gained mutation: You passively map a small area around you.
                  | [potion of mutation]
 65303 | Abyss:3  | Gained mutation: You are highly resistant to hostile
                  | enchantments. (MR++) [potion of mutation]
 65312 | Abyss:3  | Found a corrupted altar of Lugonu.
 65333 | Abyss:3  | Found a corrupted altar of Lugonu.
 65456 | Abyss:4  | Gained mutation: You are extremely frail. (-30% HP) [a
                  | neqoxec]
 65671 | Abyss:5  | Entered Level 5 of the Abyss
 65772 | Abyss:5  | Gained mutation: Your magical capacity is low. (-10% MP) [a
                  | neqoxec]
 65947 | Abyss:5  | Noticed an ancient lich
 65959 | Abyss:5  | Found a corrupted altar of Lugonu.
 65989 | Abyss:5  | Paralysed by accursed screaming for 1 turns
 65999 | Abyss:5  | Got an abyssal rune of Zot
 66002 | Depths:3 | Escaped the Abyss
 66320 | Vaults:2 | You showed the abyssal rune of Zot to enter a treasure
                  | trove
 66321 | Trove    | Entered a treasure trove
 66333 | Trove    | Got a warped copper ring
 66335 | Trove    | Got a sparkling lapis lazuli ring
 66340 | Trove    | Got a scintillating crystal amulet
 66344 | Trove    | Got a transparent ruby amulet
 66350 | Trove    | Got a fine marble ring
 66356 | Trove    | Got a brightly glowing ruby amulet
 66360 | Trove    | Got a transparent lead ring
 66404 | Vaults:2 | Identified the ring "Ravifer" {rElec Dex+4 Stlth-} (You
                  | found it in a treasure trove)
 66405 | Vaults:2 | Identified the ring "Piyraqou" {rElec rPois rC+ MR+} (You
                  | found it in a treasure trove)
 66406 | Vaults:2 | Identified the ring of Semyom {rPois rC+ MR++ Slay-2} (You
                  | found it in a treasure trove)
 66407 | Vaults:2 | Identified the ring of Perfectionism {rPois rF- Int+6} (You
                  | found it in a treasure trove)
 66414 | Vaults:2 | Identified the amulet "Xiypelaj" {Faith *Corrode rN+++
                  | Int+3 Dex+4} (You found it in a treasure trove)
 66415 | Vaults:2 | Identified the amulet of Dypsodutet {Acrobat MR+} (You
                  | found it in a treasure trove)
 66416 | Vaults:2 | Identified the amulet "Fejuq" {Faith Fragile rF++} (You
                  | found it in a treasure trove)
 67207 | Tar:7    | Found the +7 pair of quick blades "Gyre" and "Gimble"
                  | {protect}
 67339 | Tar:7    | Identified the Grimoire of Poison and Dislocation
 67342 | Tar:7    | Identified Hamiv's Reference Book on Floating Boosts
 68079 | Elf:2    | Lost mutation: You tend to lose your temper in combat.
                  | [potion of mutation]
 68079 | Elf:2    | Lost mutation: Your magical capacity is low. (-10% MP)
                  | [potion of mutation]
 68079 | Elf:2    | Lost mutation: You are clumsy. (Dex -2) [potion of
                  | mutation]
 68079 | Elf:2    | Gained mutation: Your magical capacity is low. (-10% MP)
                  | [potion of mutation]
 68079 | Elf:2    | Gained mutation: Your movements are slightly less
                  | encumbered by armour. (ER -2) [potion of mutation]
 68079 | Elf:2    | Gained mutation: You expend magic power (3 MP) to
                  | strengthen your wands. [potion of mutation]
 68161 | Elf:3    | Upgraded the game from 0.24.0-123-gd5b16e6ec5 to
                  | 0.24.0-124-g2791043dd8
 69151 | Depths:4 | Paralysed by a floating eye for 4 turns
 69160 | Depths:4 | Paralysed by a floating eye for 4 turns
 69161 | Depths:4 | HP: 11/316 [ogre mage/+0 scythe (8)]
 69163 | Depths:4 | The Shining One protects you from harm!
 69164 | Depths:4 | The Shining One protects you from harm!
 69167 | Depths:4 | Killed from afar by a fire giant

Levels and vault maps discovered:
D:1:      ncdulo_smallfort, layout_basic
D:2:      kennysheep_six_static_rooms, layout_rooms,
          chequers_ecumenical_altar_simple, minmay_pentomino_s2
D:3:      layout_basic, gammafunk_temple_overflow_pools,
          chequers_serial_rivers_micro_b
D:4:      layout_basic, lemuel_round_altar, minmay_temple_entry_enclosed_plants,
          kennysheep_generic_room_16
D:5:      layout_basic, first_ration, uniq_edmund, uniq_sigmund
D:6:      layout_loops_ring
D:7:      layout_layer_cave, uniq_prince_ribbit1, uniq_crazy_yiuf_cottage,
          uniq_duvessa, uniq_joseph
D:8:      layout_basic, david_lair_generic, gammafunk_ghost_necromancy,
          serial_undead, serial_undead_e, serial_undead_b, serial_undead_d,
          serial_undead_f, serial_undead_f, serial_undead_f
D:9:      layout_irregular_city, demons_altar, serial_shops, shop
D:10:     layout_long_grid, serial_shops,
          nicolae_shop_competitors_out_of_business, minmay_misc_feat_ornament,
          uniq_grum, uniq_harold
D:11:     layout_rooms, zombieorc1_lemuel
D:12:     layout_cave_pools, basic_altar, gammafunk_ghost_hydra_chop,
          grunt_pizzeria, uniq_frances
D:13:     layout_basic, uniq_azrael
D:14:     layout_stronghold, grunt_vaults_entry_fortified,
          kennysheep_nondescript
D:15:     hangedman_depths_entry_try_elsewhere_first, layout_loops_corners
Temple:   compressed_dpeg_circular_temple
Lair:1:   layout_gridlike, st_stairs_5, grunt_megastairs_1
Lair:2:   layout_chaotic_city, dummy_spider_entry, serial_bayou,
          serial_bayou_pond_b, serial_bayou_shore_a, serial_bayou_shore_b,
          serial_bayou_lagoon_b, basic_altar, serial_bayou_ford_a,
          chequers_serial_rivers_large_b, minmay_lair_oklob_chamber,
          infiniplex_staircase_pool, uniq_sonja
Lair:3:   layout_regular_city, nicolae_quartered_pool_little
Lair:4:   layout_long_grid, swamp_mist, lemuel_fruit_fields
Lair:5:   layout_concentric_octagons, gammafunk_ghost_arena, uniq_kirke
Lair:6:   hangedman_lair_caniforms_friends, layout_long_grid,
          minmay_slime_entry_pillars, bobbens_dragon_lair_wall, uniq_snorg,
          uniq_josephine
Swamp:1:  layout_falls_marsh, nicolae_swamp_dense_foliage
Swamp:2:  layout_falls_marsh, serial_swamp_ruin, evilmike_swamp_ruin_house_6,
          evilmike_swamp_ruin_house_1
Swamp:3:  layout_falls_marsh, evilmike_swamp_ruin_house_5, swamp_pool4,
          water_boxes_lemuel
Swamp:4:  swamp, layout_basic_swamp
Spider:1: layout_chambers, uniq_rupert, uniq_donald, uniq_jorgrun
Spider:2: layout_chambers
Spider:3: layout_spider_delve, uniq_roxanne
Spider:4: johnstein_spider_rune_arachne_lair, uniq_louise
Slime:1:  layout_caves
Slime:2:  layout_caves
Slime:3:  layout_caves, uniq_dissolution
Slime:4:  layout_caves
Slime:5
Orc:1:    layout_caves, gammafunk_ghost_necromancy, mines3_lemuel
Orc:2:    st_orc_ogre_mass, layout_diamond_mine, serial_shops,
          nicolae_shop_waterfront, nicolae_shop_waterfront, shop, shop, shop
Elf:1:    hangedman_cross_veins, layout_loops_corners, serial_shops,
          shop_scrolls, hangedman_elven_crosses_minicolossus
Elf:2:    layout_onion_city, serial_shops, shop,
          portal_ice_cave_entry_ice_statue_two, uniq_agnes, uniq_aizul
Elf:3:    minmay_elf_hall_furrowed, layout_geoelf_castle,
          nicolae_elf_big_sculpture_3
Vaults:1: nicolae_vaults_little_squares_1, vaults_dpeg_doors,
          hangedman_vaults_maws, grunt_vaults_hallway_short,
          nicolae_vaults_specimen_jars, v_misc_32, hangedman_vaults_stitches,
          vaults_standard_mumra_x, v_rooms_3, v_misc_18, v_alt_pattern_4,
          vaults_room_grid, vaults_dpeg_encased_lava, v_alt_pattern_3,
          layout_vaults_omnibox
Vaults:2: vaults_room_pools, v_alt_pattern_4, minmay_crypt_entry_simple_box,
          vaults_room_door_ring, vaults_room_pool, dpeg_vaults_monster_box,
          layout_vaults_quadrants, enter_trove_1
Vaults:3: nicolae_vaults_know_your_exits, grunt_vaults_diagonal,
          vaults_mumra_lcd, nicolae_vaults_little_ls, nicolae_vaults_what_the_h,
          v_pattern_5, serial_ice_h, v_alt_pattern_6, layout_vaults_omnicross,
          serial_shops, shop_statue
Vaults:4: gammafunk_vaults_ghost_spectres, nicolae_vaults_asterisk,
          grunt_tower_of_power, nicolae_vaults_network_quincunx
          [nicolae_vaults_network_quincunx_subvault,
          nicolae_vaults_network_quincunx_subvault,
          nicolae_vaults_network_quincunx_subvault,
          nicolae_vaults_network_quincunx_subvault,
          nicolae_vaults_network_quincunx_subvault], v_pattern_3,
          nicolae_vaults_rhombus_6, vaults_dpeg_ring,
          layout_vaults_chaotic_city, uniq_frederick
Vaults:5: uniq_mennas
Crypt:1:  layout_catacombs
Crypt:2:  layout_regular_city, lemuel_mausoleum_altar_yredelemnul
Crypt:3:  lightli_unholy_cathedral, layout_chaotic_city,
          nicolae_tomb_entry_unfolded_pyramid_diagonal,
          ebering_ghost_rock_garden, basic_altar, st_stairs_4
Depths:1: minmay_the_grid_octo_tiled_octocenter [minmay_the_grid_octo_pinwheel,
          minmay_the_grid_octo_teeth, minmay_the_grid_octo_horde,
          minmay_the_grid_octo_shrine, minmay_the_grid_octo_prize_big_c,
          minmay_the_grid_square_5x5_two, minmay_the_grid_square_5x5_tie,
          minmay_the_grid_square_5x5_z, minmay_the_grid_square_5x5_c],
          layout_cave_pools, enter_ziggurat_e, hell_entry, special_room
          [special_room_morgue], serial_sigils_hangedman_stare,
          minmay_misc_feat_roman, dk_noncrumbling_4, patterned_corridor
Depths:2: gammafunk_depths_water_palace, layout_cave_pools, hell_entry
Depths:3: minmay_distorted_concentric_squares, layout_gridlike,
          rand_demon_pan_entry_1, minmay_room_of_horrors, pf_coc_iceberg,
          serial_sigils_hangedman_leer, st_stairs_14,
          infiniplex_staircase_pool_2
Depths:4: minmay_central_circle, layout_gridlike, hell_entry, abyss_entry,
          lemuel_flamethrower_3
Hell
Tar:1:    layout_cathedral_of_symmetry, nicolae_tar_cuneiform_not,
          nicolae_tar_cuneiform_heaven, nicolae_tar_cuneiform_bread,
          evilmike_ambush [evilmike_ambush_outer_pillars,
          evilmike_ambush_inner_basic]
Tar:2:    layout_grid_maze
Tar:3:    layout_cathedral_of_symmetry
Tar:4:    layout_grid_maze, nicolae_tar_cuneiform_city
Tar:5:    layout_grid_maze
Tar:6:    layout_grid_maze
Tar:7:    tar_old

Skill      XL: |  1  2  3  4  5  6  7  8  9 10 11 12 13 14 15 16 17 18 19 20 21 22 23 24 25 26 27 |
---------------+----------------------------------------------------------------------------------+-----
Long Blades    | 3 4 5 6 8 9 10 11 12 13 14 15 16 17 18 19 23 | 23.2
Fighting       | 4 5 6 7 8 9 10 11 12 13 14 15 16 17 18 19 23 | 23.3
Armour         | 4 5 6 7 8 9 10 11 12 13 14 15 16 17 18 19 23 | 23.2
Shields        | 4 5 7 8 9 10 11 12 13 14 15 16 17 18 19 23 | 23.2
Invocations    | 5 8 10 12 13 14 15 16 17 18 19 20 24 | 24.9
Evocations     | 5 6 |  6.0
Dodging        | 4 |  4.0

Action                   |  1- 3 |  4- 6 |  7- 9 | 10-12 | 13-15 | 16-18 | 19-21 | 22-24 | 25-27 || total
-------------------------+-------+-------+-------+-------+-------+-------+-------+-------+-------++-------
Melee: Long sword        |    91 |    61 |       |       |       |       |       |       |       ||   152
       Falchion          |       |   166 |   499 |   406 |       |       |       |       |       ||  1071
       Great sword       |       |       |       |   463 |       |       |       |       |       ||   463
       Eudemon blade     |       |       |       |    52 |  1057 |   747 |  1457 |  1377 |  4830 ||  9520
       Dagger            |       |       |       |       |    11 |       |       |       |       ||    11
       Scimitar          |       |       |       |       |       |   100 |       |    12 |     9 ||   121
Throw: Javelin           |       |     3 |       |       |     2 |       |       |       |       ||     5
       Throwing net      |       |       |     5 |     1 |     1 |       |       |       |       ||     7
Invok: Summon Divine War |       |       |       |     1 |     3 |     3 |     6 |     5 |    29 ||    47
       Brand Weapon With |       |       |       |     1 |       |       |       |       |       ||     1
       Divine Shield     |       |       |       |       |     2 |     1 |     7 |    11 |    36 ||    57
       Cleansing Flame   |       |       |       |       |     1 |     1 |     5 |    11 |    60 ||    78
 Abil: Evoke Berserk Rag |       |       |       |       |       |       |       |       |     1 ||     1
Evoke: Wand              |       |       |       |       |    10 |     3 |       |     1 |    12 ||    26
  Use: Scroll            |       |       |    13 |    13 |     9 |    12 |    10 |     6 |    26 ||    89
       Potion            |       |       |     1 |     5 |     4 |     5 |     5 |     1 |    42 ||    63
  Eat: Chunk             |     2 |     4 |     9 |    38 |    31 |    13 |     8 |       |    16 ||   121
       Ration            |       |     1 |       |     1 |       |     3 |     6 |     8 |    26 ||    45
Armor: Scale mail        |    40 |    41 |       |       |       |       |       |       |       ||    81
       Plate armour      |       |   109 |   356 |   867 |   568 |   357 |   532 |   505 |  2364 ||  5658
Dodge: Dodged            |    29 |    49 |    68 |   292 |   322 |   188 |   219 |   247 |  1185 ||  2599
Block: Shield            |    36 |   118 |   261 |     5 |       |       |       |       |  1546 ||  1966
       Large shield      |       |       |       |   368 |       |       |       |       |       ||   368
       Buckler           |       |       |       |    16 |   410 |   416 |   623 |   781 |  3097 ||  5343
       Reflection        |       |       |       |       |     1 |    21 |    44 |    25 |   150 ||   241
       Rpst.: Long sword |    13 |     6 |       |       |       |       |       |       |       ||    19
       Falchion          |       |    15 |    20 |    16 |       |       |       |       |       ||    51
       Great sword       |       |       |       |    68 |       |       |       |       |       ||    68
       Eudemon blade     |       |       |       |     3 |    83 |    34 |    56 |    35 |   200 ||   411
       Scimitar          |       |       |       |       |       |     1 |       |       |       ||     1
